[Event "Titled Tuesday Blitz May 17 Early 2022"]
[White "Zhigalko, Sergei"]
[Black "Sapunov, Evgeny"]
[WhiteFideId "13502956"]
[BlackFideId "4126661"]
[WhiteElo "2662"]
[BlackElo "2470"]
[Result "1-0"]
[Round "06"]
[TimeControl "180+1"]
[Date "2022.05.17"]
[WhiteClock "0:00:02"]
[BlackClock "0:00:00"]

1. e4 d6 2. d4 Nf6 3. Nc3 c6 4. Nf3 Bg4 5. h3 Bxf3 6. Qxf3 e6 7. Bd3 d5 8. O-O dxe4 9. Nxe4 Nbd7 10. Re1 Be7 11. c3 Nxe4 12. Bxe4 Nf6 13. Bc2 O-O 14. Bf4 Qd5 15. Qe3 b5 16. Be5 Qd8 17. Qg3 g6 18. Rad1 Nd5 19. b3 Bf6 20. c4 Nb6 21. Be4 Rc8 22. c5 Nd5 23. Bxd5 exd5 24. Re3 Bxe5 25. Rxe5 Re8 26. Rde1 Rxe5 27. Qxe5 Qa5 28. Re2 Qc3 29. h4 h5 30. g3 a5 31. Kg2 a4 32. Qf6 axb3 33. axb3 Qxb3 34. Re7 Rf8 35. Qxc6 Qc4 36. Qf6 b4 37. Rb7 b3 38. c6 Qc2 39. c7 b2 40. Qd8 Kg7 41. Rb8 Rxd8 42. cxd8=Q Qe4+ 43. Kh2 1-0


[Site "https://www.chess.com"]

[Event "Titled Tuesday Blitz May 17 Early 2022"]
[White "Abdusattorov, Nodirbek"]
[Black "Andreikin, Dmitry"]
[WhiteFideId "14204118"]
[BlackFideId "4158814"]
[WhiteElo "2663"]
[BlackElo "2736"]
[Result "1/2-1/2"]
[Round "07"]
[TimeControl "180+1"]
[Date "2022.05.17"]
[WhiteClock "0:00:21"]
[BlackClock "0:00:11"]

1. c4 Nf6 2. Nc3 c5 3. g3 g6 4. Bg2 Bg7 5. Nf3 O-O 6. d4 cxd4 7. Nxd4 Nc6 8. O-O Nxd4 9. Qxd4 d6 10. Qd3 a6 11. Rd1 Bf5 12. Qd2 Rb8 13. Qe1 Qc7 14. b3 b5 15. cxb5 axb5 16. Bb2 b4 17. Na4 Rfc8 18. Rac1 Qa5 19. Rxc8+ Rxc8 20. Rc1 Rxc1 21. Qxc1 h5 22. Qc6 Bd7 23. Qa8+ Qxa8 24. Bxa8 Bb5 25. Kf1 Nd7 26. Bxg7 Kxg7 27. Nb2 Nc5 28. Ke1 e6 29. Bf3 d5 30. e3 f5 31. h4 Kf6 32. Kd2 Ke5 33. Nd1 Ne4+ 34. Kc2 d4 35. exd4+ Kxd4 36. Kb2 Nd2 37. Bb7 e5 38. Ne3 Bd3 39. a4 bxa3+ 40. Kxa3 f4 41. gxf4 exf4 42. Ng2 Ke5 43. Ne1 Be2 44. Kb2 Kf5 45. Bc8+ Ke5 46. Bb7 Kf5 47. Bc8+ Ke5 48. Bb7 1/2-1/2


[Site "https://www.chess.com"]

[Event "Titled Tuesday Blitz May 17 Early 2022"]
[White "Agasarov, Benik"]
[Black "Samunenkov, Ihor"]
[WhiteFideId "13314823"]
[BlackFideId "14187086"]
[WhiteElo "2591"]
[BlackElo "2409"]
[Result "0-1"]
[Round "07"]
[TimeControl "180+1"]
[Date "2022.05.17"]
[WhiteClock "0:00:04"]
[BlackClock "0:01:02"]

1. e4 c6 2. d4 d5 3. e5 Bf5 4. Nf3 e6 5. Be2 c5 6. Be3 Qb6 7. Nc3 Nc6 8. O-O Qxb2 9. Nb5 c4 10. Nc7+ Kd7 11. Nxa8 Bxc2 12. Qc1 Ba3 13. Qxb2 Bxb2 14. Rae1 Nge7 15. Bd1 Bd3 16. Be2 Bg6 17. Bc1 Bc3 18. Bd2 Bxd2 19. Nxd2 Nxd4 20. Nxc4 Nxe2+ 21. Rxe2 dxc4 22. Rb2 Rxa8 23. Rxb7+ Ke8 24. Rc1 Bd3 25. f4 Nd5 26. g3 c3 27. Kf2 a5 28. a4 c2 29. Ke1 Nb4 30. Kd2 Rd8 31. Kc3 Na2+ 32. Kb2 Nxc1 33. Kxc1 Be4 0-1


[Site "https://www.chess.com"]

[Event "Titled Tuesday Blitz May 17 Early 2022"]
[White "Arabidze, Meri"]
[Black "Yeletsky, Ivan"]
[WhiteFideId "13604040"]
[BlackFideId "24180327"]
[WhiteElo "2335"]
[BlackElo "2319"]
[Result "0-1"]
[Round "07"]
[TimeControl "180+1"]
[Date "2022.05.17"]
[WhiteClock "0:00:07"]
[BlackClock "0:00:12"]

1. Nf3 c5 2. g3 Nc6 3. Bg2 g6 4. O-O Bg7 5. e3 e5 6. d4 cxd4 7. exd4 e4 8. Re1 d5 9. c4 Nge7 10. Ne5 dxc4 11. Bxe4 O-O 12. Nxc6 Nxc6 13. d5 Ne5 14. Nc3 Bg4 15. f3 Bh3 16. Be3 Re8 17. Kh1 a6 18. Bd4 Nxf3 19. Bxf3 Rxe1+ 20. Qxe1 Bxd4 21. g4 h5 22. gxh5 Qf6 23. Qg3 Bf5 24. hxg6 Bxg6 25. Ne4 Qe5 26. Qxe5 Bxe5 27. Rc1 b5 28. b3 cxb3 29. axb3 Kg7 30. Kg2 Rh8 31. h3 Rd8 32. Rc6 Rxd5 33. Rxa6 Rd3 34. b4 Rb3 35. Nc5 Rxb4 36. Bd5 Rb2+ 37. Kf1 Rd2 38. Be4 f5 39. Ne6+ Kh6 40. Nf8 Bd6 41. Nxg6 fxe4 42. Ne5 Kh5 43. Nf7 Bf4 44. Rf6 Be3 45. Re6 Rf2+ 46. Ke1 Rxf7 47. Rxe4 Bf2+ 48. Ke2 Rf5 49. Rb4 Bg3 50. Kd3 Bd6 51. Rd4 Bc5 52. Rd7 b4 53. Kc4 Bf8 54. Rd8 Kg6 55. Rd7 Rf4+ 56. Kb3 Kf6 57. Rb7 Ke6 58. Rb6+ Bd6 59. Rb8 Rf3+ 60. Kc4 Rxh3 61. Rb6 Rc3+ 62. Kd4 Kd7 63. Kd5 Rd3+ 64. Kc4 Rh3 65. Rb7+ Kc6 66. Rf7 Rc3+ 67. Kd4 Bc5+ 68. Ke4 Kb5 69. Rb7+ Kc4 70. Rb8 Re3+ 71. Kf4 Re7 72. Kf5 b3 0-1


[Site "https://www.chess.com"]

[Event "Titled Tuesday Blitz May 17 Early 2022"]
[White "Artemenko, Oleg"]
[Black "Durarbayli, Vasif"]
[WhiteFideId "14201798"]
[BlackFideId "13402935"]
[WhiteElo "2287"]
[BlackElo "2528"]
[Result "0-1"]
[Round "07"]
[TimeControl "180+1"]
[Date "2022.05.17"]
[WhiteClock "0:00:08"]
[BlackClock "0:00:07"]

1. d4 Nf6 2. Nc3 d5 3. Bf4 c5 4. e4 Nxe4 5. Nxe4 dxe4 6. dxc5 Qxd1+ 7. Rxd1 Nc6 8. Bb5 Bd7 9. Ne2 f6 10. Nc3 e5 11. Be3 f5 12. O-O O-O-O 13. Bc4 Nd4 14. b4 a5 15. a3 Nxc2 16. Bg5 Nxa3 17. Be6 axb4 18. Na4 Bxe6 19. Rxd8+ Kc7 20. Be7 Bxe7 21. Rxh8 h6 22. Re8 Kd7 23. Ra8 Bb3 24. Rc1 Kc6 25. Rc8+ Kb5 26. Nb2 Nc2 27. Rc7 Bxc5 28. Rxb7+ Kc6 29. Rxg7 e3 30. Kf1 exf2 31. Rg3 Nd4 32. Nd3 Bc2 33. Nxc5 Kxc5 34. Kxf2 f4 35. Rh3 e4 36. Ke1 e3 37. Rxh6 b3 38. Rh8 Kc4 39. Rc8+ Kd3 40. Ra8 f3 41. gxf3 Nxf3+ 42. Kf1 Kd2 43. Rca1 b2 44. R8a2 bxa1=Q+ 45. Rxa1 e2+ 46. Kf2 e1=Q+ 47. Rxe1 Nxe1 48. h4 Nd3+ 49. Kf3 Ne5+ 50. Kf4 Nd7 51. Kg4 Nf8 52. Kg5 Nh7+ 53. Kh6 Bd3 54. Kg7 Kc3 55. h5 Kd4 56. h6 Be4 57. Kh8 Ke5 58. Kg7 Kf4 59. Kf7 Kg5 60. Kg7 Bg6 61. Kg8 Kxh6 62. Kh8 Ng5 63. Kg8 Nf7 64. Kf8 Kg5 65. Kg7 Kf5 66. Kf8 Kf6 67. Kg8 Bf5 68. Kf8 Bh7 69. Ke8 Ne5 70. Kd8 Ke6 71. Kc7 Nd7 72. Kc6 Bd3 73. Kc7 Bb5 74. Kb7 Kd6 75. Kc8 Ne5 76. Kd8 Nf7+ 77. Kc8 Bc6 78. Kb8 Ne5 79. Kc8 Nd7 80. Kd8 Bd5 81. Ke8 Bc4 82. Kd8 Bf7 83. Kc8 Nc5 84. Kb8 Kc6 85. Kc8 Nb7 86. Kb8 Be6 87. Ka7 Nc5 88. Kb8 Kb6 89. Ka8 Bd7 90. Kb8 Na6+ 91. Ka8 Bc6# 0-1


[Site "https://www.chess.com"]

[Event "Titled Tuesday Blitz May 17 Early 2022"]
[White "Babazada, Khazar"]
[Black "Martinez Alcantara, Jose Eduardo"]
[WhiteFideId "13413554"]
[BlackFideId "3805662"]
[WhiteElo "2406"]
[BlackElo "2690"]
[Result "0-1"]
[Round "07"]
[TimeControl "180+1"]
[Date "2022.05.17"]
[WhiteClock "0:00:03"]
[BlackClock "0:00:05"]

1. e4 c5 2. Nf3 d6 3. d4 cxd4 4. Nxd4 Nf6 5. Nc3 Nc6 6. Bg5 e6 7. Qd2 a6 8. O-O-O Bd7 9. f4 Be7 10. Be2 Nxd4 11. Qxd4 Bc6 12. Bf3 Qc7 13. Rhe1 O-O 14. g4 Rfd8 15. h4 d5 16. e5 Ne4 17. Bxe7 Qxe7 18. h5 Nxc3 19. Qxc3 Rac8 20. Qb3 Bb5 21. Kb1 Rc4 22. Qe3 d4 23. Qd2 d3 24. c3 Qc5 25. Be4 Ba4 26. b3 Rxc3 27. bxa4 Rc2 28. Qxd3 Rxd3 29. Rxd3 f5 30. Red1 g6 31. h6 Qb4+ 32. Kxc2 Qxe4 33. Kb2 Qb4+ 34. Rb3 Qe4 35. Rd8+ Kf7 36. Rd7+ Ke8 37. Rbd3 Qb4+ 38. Kc2 Qxa4+ 39. Kb1 Qxd7 40. Rxd7 Kxd7 41. g5 Kc6 0-1


[Site "https://www.chess.com"]

[Event "Titled Tuesday Blitz May 17 Early 2022"]
[White "Bachmann, Axel"]
[Black "Gabrielian, Artur"]
[WhiteFideId "3700488"]
[BlackFideId "4131002"]
[WhiteElo "2587"]
[BlackElo "2440"]
[Result "1-0"]
[Round "07"]
[TimeControl "180+1"]
[Date "2022.05.17"]
[WhiteClock "0:00:05"]
[BlackClock "0:00:09"]

1. e4 c5 2. Nf3 d6 3. d4 cxd4 4. Nxd4 Nf6 5. Nc3 Nc6 6. Bg5 e6 7. Qd2 a6 8. O-O-O Bd7 9. h4 Be7 10. f3 Nxd4 11. Qxd4 h6 12. Be3 Bc6 13. Kb1 O-O 14. g4 Nd7 15. g5 h5 16. f4 b5 17. Be2 g6 18. Rhf1 Rb8 19. Bf3 b4 20. Ne2 e5 21. Qd2 exf4 22. Nxf4 Ne5 23. Qg2 Qc8 24. Be2 a5 25. Nd5 Bxd5 26. Rxd5 a4 27. Bd4 b3 28. Rc1 bxa2+ 29. Kxa2 Nc6 30. Bc3 Nb4+ 31. Bxb4 Rxb4 32. c3 Rb3 33. Rd4 Qb7 34. Bc4 Rb8 35. Rc2 d5 36. Bxd5 Qb6 37. Rxa4 Qb5 38. Ra7 Ra3+ 39. Rxa3 Bxa3 40. Qf2 Kh8 41. Qf6+ Kh7 42. Qxf7+ Kh8 43. Qf6+ Kh7 44. Qf7+ Kh8 45. Qxg6 Bxb2 46. Qh6# 1-0


[Site "https://www.chess.com"]

[Event "Titled Tuesday Blitz May 17 Early 2022"]
[White "Beerdsen, Thomas"]
[Black "Maltsevskaya, Aleksandra"]
[WhiteFideId "1030108"]
[BlackFideId "24174041"]
[WhiteElo "2585"]
[BlackElo "2235"]
[Result "1-0"]
[Round "07"]
[TimeControl "180+1"]
[Date "2022.05.17"]
[WhiteClock "0:02:25"]
[BlackClock "0:00:44"]

1. e4 c5 2. Nf3 e6 3. d4 cxd4 4. Bg5 Qb6 5. Qxd4 Bb4+ 6. c3 Bc5 7. Qxg7 Qxb2 8. Qxh8 Qxa1 9. Qxg8+ Bf8 10. Bd3 d6 11. O-O Nd7 12. Na3 Qxa2 13. Nb5 1-0


[Site "https://www.chess.com"]

[Event "Titled Tuesday Blitz May 17 Early 2022"]
[White "Bluebaum, Matthias"]
[Black "Dronavalli, Harika"]
[WhiteFideId "24651516"]
[BlackFideId "5015197"]
[WhiteElo "2556"]
[BlackElo "2382"]
[Result "1-0"]
[Round "07"]
[TimeControl "180+1"]
[Date "2022.05.17"]
[WhiteClock "0:01:10"]
[BlackClock "0:00:09"]

1. d4 Nf6 2. c4 c5 3. d5 b5 4. cxb5 a6 5. bxa6 Bxa6 6. Nc3 g6 7. e4 Bxf1 8. Kxf1 d6 9. g3 Bg7 10. Kg2 O-O 11. Nf3 Nbd7 12. a4 Qb6 13. Qe2 Rfb8 14. Nb5 Ne8 15. Ra3 Nc7 16. Nxc7 Qxc7 17. b3 Rb7 18. Bb2 Bxb2 19. Qxb2 Rb4 20. Nd2 Rab8 21. Qc3 Nf6 22. Re1 h5 23. a5 h4 24. Nc4 Qd7 25. gxh4 Qg4+ 26. Qg3 Qd7 27. a6 Nh5 28. Qf3 Ra8 29. Rea1 Ra7 30. Kh1 Qc8 31. e5 Qb8 32. exd6 exd6 33. Rg1 Kh7 34. Na5 Rf4 35. Nc6 Qa8 36. Qe2 Rc7 37. a7 Rf5 38. Rg5 Nf4 39. Qf3 Rf6 40. h5 Kh6 41. h4 Nxd5 42. Qxd5 Rxc6 43. Rg2 Rc8 44. Qg5+ Kg7 45. h6+ 1-0


[Site "https://www.chess.com"]

[Event "Titled Tuesday Blitz May 17 Early 2022"]
[White "Bortnyk, Olexandr"]
[Black "Donchenko, Alexander"]
[WhiteFideId "14120828"]
[BlackFideId "24603295"]
[WhiteElo "2723"]
[BlackElo "2572"]
[Result "1/2-1/2"]
[Round "07"]
[TimeControl "180+1"]
[Date "2022.05.17"]
[WhiteClock "0:00:05"]
[BlackClock "0:00:08"]

1. e4 c6 2. c4 d5 3. cxd5 cxd5 4. exd5 Nf6 5. Qa4+ Nbd7 6. Nc3 g6 7. Bc4 Bg7 8. d3 O-O 9. Nf3 a6 10. Qa3 Nb6 11. Qb3 Nxc4 12. dxc4 b5 13. cxb5 axb5 14. O-O Bb7 15. Rd1 Qa5 16. Bg5 b4 17. Bxf6 Bxf6 18. Ne2 Rfd8 19. Nf4 Qa4 20. Qe3 Bxb2 21. Rab1 Bf6 22. Rd2 Qa5 23. Rbd1 Bc3 24. Re2 Bxd5 25. Nxd5 Rxd5 26. Rxd5 Qxd5 27. h4 Rxa2 28. Rxa2 Qxa2 29. Qxe7 Qe6 30. Qd8+ Kg7 31. h5 gxh5 32. Qg5+ Qg6 33. Qc5 Qb1+ 34. Kh2 Bf6 35. Qxh5 b3 36. Nh4 Bxh4 37. Qxh4 Qg6 38. Qd4+ Qf6 39. Qg4+ Qg6 40. Qd4+ Kh6 41. Qe3+ Qg5 42. Qxb3 Qf4+ 43. Kg1 Qc1+ 44. Kh2 Qf4+ 45. Kg1 Qc1+ 46. Kh2 Qf4+ 1/2-1/2


[Site "https://www.chess.com"]

[Event "Titled Tuesday Blitz May 17 Early 2022"]
[White "Bryakin, Mikhail"]
[Black "Csonka, Balazs"]
[WhiteFideId "4165314"]
[BlackFideId "742910"]
[WhiteElo "2417"]
[BlackElo "2404"]
[Result "0-1"]
[Round "07"]
[TimeControl "180+1"]
[Date "2022.05.17"]
[WhiteClock "0:01:32"]
[BlackClock "0:00:06"]

1. e4 e6 2. d4 d5 3. Nd2 Nf6 4. e5 Nfd7 5. Ngf3 c5 6. dxc5 Bxc5 7. Nb3 Bb6 8. Bf4 Nc6 9. Bd3 f6 10. Qe2 fxe5 11. Nxe5 Ndxe5 12. Bxe5 Nxe5 13. Qxe5 Qf6 14. Qxf6 gxf6 15. c3 e5 16. f3 Be6 17. Rd1 Ke7 18. Ke2 Rag8 19. g4 h5 20. h3 hxg4 21. fxg4 e4 22. Bc2 f5 23. gxf5 Rg2+ 24. Ke1 Rxc2 25. fxe6 Rxb2 26. Nd4 Bxd4 27. Rxd4 Kxe6 28. h4 Rxa2 29. h5 Ra1+ 30. Rd1 Rxd1+ 31. Kxd1 Kf5 32. h6 Kg6 33. Rg1+ Kxh6 34. Kd2 Rc8 35. Ra1 a6 36. Ra5 Rd8 37. Rc5 Rd7 38. Ke3 Kg6 39. Kd4 Kf6 40. Rc8 Ke6 41. Rh8 Kd6 42. Rh6+ Kc7 43. Kc5 Re7 44. Kxd5 e3 45. Rh1 e2 46. Re1 Kb6 47. Kc4 Kc6 48. Kd4 Kb5 49. Rb1+ Kc6 50. Re1 a5 51. Kc4 b5+ 52. Kd4 a4 53. Kd3 Kd5 54. Kc2 Kc4 55. Kd2 a3 56. Kc2 a2 57. Kb2 Kd3 58. Ra1 e1=Q 0-1


[Site "https://www.chess.com"]

[Event "Titled Tuesday Blitz May 17 Early 2022"]
[White "Ciorgovean, Iustin"]
[Black "Korchmar, Vasiliy"]
[WhiteFideId "1242911"]
[BlackFideId "24131750"]
[WhiteElo "2075"]
[BlackElo "2370"]
[Result "1-0"]
[Round "07"]
[TimeControl "180+1"]
[Date "2022.05.17"]
[WhiteClock "0:01:04"]
[BlackClock "0:00:01"]

1. d4 d5 2. c4 c6 3. cxd5 cxd5 4. Bf4 Nf6 5. e3 Nc6 6. Bb5 Bd7 7. Nc3 e6 8. Nf3 Be7 9. O-O O-O 10. h3 Rc8 11. Bd3 a6 12. Qe2 b5 13. Rfc1 Na5 14. Ne5 Nc4 15. Bg5 h6 16. Bh4 Nxe5 17. dxe5 Ne4 18. Bxe7 Nxc3 19. Rxc3 Qxe7 20. Rac1 Qg5 21. f4 Qg3 22. Qf2 Qxf2+ 23. Kxf2 Rfd8 24. Rxc8 Rxc8 25. Rxc8+ Bxc8 26. Ke2 Bb7 27. g3 b4 28. a3 a5 29. axb4 axb4 30. Bb5 f6 31. Kd3 fxe5 32. fxe5 Kf7 33. Kd4 Kg6 34. Bd7 Kf7 35. Kc5 b3 36. Kd6 Kf8 37. Bxe6 1-0


[Site "https://www.chess.com"]

[Event "Titled Tuesday Blitz May 17 Early 2022"]
[White "Delgado Ramirez, Neuris"]
[Black "Indjic, Aleksandar"]
[WhiteFideId "3503631"]
[BlackFideId "911925"]
[WhiteElo "2627"]
[BlackElo "2616"]
[Result "0-1"]
[Round "07"]
[TimeControl "180+1"]
[Date "2022.05.17"]
[WhiteClock "0:00:42"]
[BlackClock "0:01:22"]

1. e4 d5 2. exd5 Qxd5 3. Nc3 Qd6 4. Nf3 Nf6 5. d4 a6 6. Be3 g6 7. h3 Bg7 8. Qd2 O-O 9. Bh6 b5 10. Bxg7 Kxg7 11. Be2 Bb7 12. a3 Nbd7 13. Rd1 c5 14. Qe3 c4 15. O-O Nb6 16. Ne5 Nbd5 17. Nxd5 Nxd5 18. Qg3 f6 19. Bf3 fxe5 20. dxe5 Qe6 21. Rd4 Rab8 22. Rfd1 Nb6 23. Bg4 Qc6 24. f4 Qc5 25. Kh2 Kh8 26. c3 Bd5 27. Qh4 e6 28. Qg5 Rb7 29. h4 Qe7 30. Qh6 Qg7 0-1


[Site "https://www.chess.com"]

[Event "Titled Tuesday Blitz May 17 Early 2022"]
[White "Demchenko, Anton"]
[Black "Kamsky, Gata"]
[WhiteFideId "4160258"]
[BlackFideId "2000024"]
[WhiteElo "2539"]
[BlackElo "2645"]
[Result "0-1"]
[Round "07"]
[TimeControl "180+1"]
[Date "2022.05.17"]
[WhiteClock "0:00:01"]
[BlackClock "0:00:36"]

1. e4 e5 2. Nf3 Nc6 3. Bc4 Nf6 4. d3 h6 5. a4 d6 6. Nc3 g6 7. h3 Bg7 8. Be3 Be6 9. Bxe6 fxe6 10. Ne2 Nh5 11. c3 Qe7 12. a5 a6 13. Ng3 Nxg3 14. fxg3 d5 15. O-O O-O 16. Qb3 Qd7 17. Bc5 Rfb8 18. Nh2 b6 19. axb6 cxb6 20. Ba3 Na5 21. Qa2 Qb5 22. Rf3 Qb3 23. Ng4 Qxa2 24. Rxa2 dxe4 25. dxe4 Nc6 26. Nf6+ Kh8 27. Ra1 Rd8 28. Raf1 Rd2 29. Ng4 Rad8 30. Rf7 R2d7 31. Rxd7 Rxd7 32. Ne3 b5 33. Kf2 a5 34. Bc5 Rd2+ 35. Kf3 Kg8 36. Rf2 Rd7 0-1


[Site "https://www.chess.com"]

[Event "Titled Tuesday Blitz May 17 Early 2022"]
[White "Djokic, Mihailo"]
[Black "Matinian, Nikita"]
[WhiteFideId "976440"]
[BlackFideId "24129100"]
[WhiteElo "2202"]
[BlackElo "2422"]
[Result "0-1"]
[Round "07"]
[TimeControl "180+1"]
[Date "2022.05.17"]
[WhiteClock "0:00:27"]
[BlackClock "0:00:54"]

1. e4 c5 2. Nf3 Nc6 3. d4 cxd4 4. Nxd4 Nf6 5. Nc3 e6 6. Ndb5 d6 7. Bf4 e5 8. Bg5 a6 9. Bxf6 gxf6 10. Na3 f5 11. Nd5 Bg7 12. Nc4 O-O 13. Ndb6 Rb8 14. Qxd6 fxe4 15. O-O-O Bg4 16. Qxd8 Rfxd8 17. Rxd8+ Rxd8 18. Ne3 Bh6 19. Bc4 Nd4 20. Nd5 Kg7 21. Kb1 Be6 22. c3 Nc6 23. Nb6 Bxe3 24. fxe3 Rd2 25. Bxe6 fxe6 26. Nc4 Rxg2 27. Rd1 b5 28. Rd7+ Kg6 29. Nd6 Rd2 30. Kc1 Rd3 31. h4 h5 32. Kc2 Rxe3 33. Rc7 Nd8 34. Rc8 Nf7 35. Rg8+ Kh7 0-1


[Site "https://www.chess.com"]

[Event "Titled Tuesday Blitz May 17 Early 2022"]
[White "Drygalov, Sergey"]
[Black "Vakhlamov, Igor L."]
[WhiteFideId "24171743"]
[BlackFideId "24126748"]
[WhiteElo "2514"]
[BlackElo "2401"]
[Result "0-1"]
[Round "07"]
[TimeControl "180+1"]
[Date "2022.05.17"]
[WhiteClock "0:01:00"]
[BlackClock "0:01:28"]

1. d4 d5 2. c4 e6 3. Nc3 c5 4. cxd5 cxd4 5. Qxd4 exd5 6. e4 dxe4 7. Bb5+ Bd7 8. Qxe4+ Qe7 9. Bxd7+ Nxd7 10. Nf3 Ngf6 11. Qxe7+ Bxe7 12. O-O O-O 13. Bf4 Rfe8 14. Rad1 a6 15. h3 Rac8 16. Rfe1 Bb4 17. Rxe8+ Rxe8 18. Nd5 Nxd5 19. Rxd5 Nf6 20. Rd3 Bf8 21. Be5 Ne4 22. Rd4 Nc5 23. Rd2 f6 24. Bd4 Ne4 25. Rc2 Kf7 26. Be3 Re7 27. Kf1 Rd7 28. Ke2 h5 29. g4 hxg4 30. hxg4 Be7 31. Nd4 g6 32. f3 Nd6 33. Nb3 Nb5 34. a4 Nc7 35. Nc5 Bxc5 36. Bxc5 Nd5 37. Rd2 Nf4+ 38. Ke3 Rxd2 39. Kxd2 Ke6 40. Ke3 Nd5+ 41. Kd4 f5 42. Bf8 fxg4 43. fxg4 Nf6 44. g5 0-1


[Site "https://www.chess.com"]

[Event "Titled Tuesday Blitz May 17 Early 2022"]
[White "Dubov, Daniil"]
[Black "Ohanyan, Emin"]
[WhiteFideId "24126055"]
[BlackFideId "13312022"]
[WhiteElo "2791"]
[BlackElo "1927"]
[Result "1-0"]
[Round "07"]
[TimeControl "180+1"]
[Date "2022.05.17"]
[WhiteClock "0:01:43"]
[BlackClock "0:00:35"]

1. d4 Nf6 2. Nf3 d5 3. c4 e6 4. g3 Bb4+ 5. Nbd2 dxc4 6. Bg2 c5 7. dxc5 Bxc5 8. O-O c3 9. bxc3 O-O 10. Rb1 Nc6 11. Qc2 Qe7 12. Nb3 Bb6 13. Nfd2 Ne5 14. c4 Ned7 15. c5 Bc7 16. Nc4 Nd5 17. Ba3 a5 18. c6 1-0


[Site "https://www.chess.com"]

[Event "Titled Tuesday Blitz May 17 Early 2022"]
[White "Fiorito, Fabian"]
[Black "Morefield, Jason"]
[WhiteFideId "100200"]
[BlackFideId "30920825"]
[WhiteElo "2395"]
[BlackElo "2171"]
[Result "1-0"]
[Round "07"]
[TimeControl "180+1"]
[Date "2022.05.17"]
[WhiteClock "0:00:55"]
[BlackClock "0:00:03"]

1. d4 Nf6 2. Nc3 d5 3. Bf4 c5 4. e4 Nxe4 5. Bb5+ Nc6 6. Nxe4 dxe4 7. Ne2 cxd4 8. Nxd4 Bd7 9. Bxc6 bxc6 10. Qe2 Qa5+ 11. c3 Qd5 12. Rd1 e5 13. Nb3 Qe6 14. Be3 Be7 15. Nc5 Bxc5 16. Bxc5 f5 17. O-O Bc8 18. Rd6 Qxa2 19. Qh5+ g6 20. Qg5 Bd7 21. Rxd7 Kxd7 22. Qe7+ Kc8 23. Bd6 Qa5 24. Qe6+ Kb7 25. Qd7+ Ka6 26. Qxc6+ Qb6 27. Ra1# 1-0


[Site "https://www.chess.com"]

[Event "Titled Tuesday Blitz May 17 Early 2022"]
[White "Grischuk, Alexander"]
[Black "Tarigan, Gilbert Elroy"]
[WhiteFideId "4126025"]
[BlackFideId "7108133"]
[WhiteElo "2762"]
[BlackElo "1908"]
[Result "1-0"]
[Round "07"]
[TimeControl "180+1"]
[Date "2022.05.17"]
[WhiteClock "0:01:25"]
[BlackClock "0:00:49"]

1. d4 Nf6 2. Nf3 e6 3. c4 b6 4. g3 Bb4+ 5. Bd2 c5 6. Bxb4 cxb4 7. Bg2 Bb7 8. O-O O-O 9. Qb3 a5 10. a3 Na6 11. Nbd2 d6 12. Rfd1 Ne4 13. Nxe4 Bxe4 14. Ne1 Bxg2 15. Kxg2 Qc7 16. Nd3 bxa3 17. bxa3 Rfc8 18. Rdc1 Rab8 19. Qb5 Qc6+ 20. Qxc6 Rxc6 21. Rab1 Rbc8 22. e3 Kf8 23. Rb2 Ke8 24. Rcb1 Kd8 25. Rxb6 Kd7 26. d5 Rxb6 27. Rxb6 Nc5 28. Nxc5+ Rxc5 29. Rb7+ Ke8 30. dxe6 fxe6 31. Rxg7 Rxc4 32. Rxh7 Ra4 33. h4 Rxa3 34. h5 Kf8 35. Ra7 Kg8 36. g4 1-0


[Site "https://www.chess.com"]

[Event "Titled Tuesday Blitz May 17 Early 2022"]
[White "Hasangatin, Ramil"]
[Black "Antipov, Mikhail Al."]
[WhiteFideId "4122160"]
[BlackFideId "4107012"]
[WhiteElo "2399"]
[BlackElo "2512"]
[Result "0-1"]
[Round "07"]
[TimeControl "180+1"]
[Date "2022.05.17"]
[WhiteClock "0:00:30"]
[BlackClock "0:00:07"]

1. e4 e6 2. d3 c5 3. Nf3 Nc6 4. g3 e5 5. Bg2 Nf6 6. O-O Be7 7. c3 O-O 8. d4 d6 9. Re1 cxd4 10. cxd4 Bg4 11. d5 Nd4 12. Be3 Nxf3+ 13. Bxf3 Qd7 14. Nc3 Rfc8 15. Bg5 Bxf3 16. Qxf3 h6 17. Bxf6 Bxf6 18. h4 Rc4 19. Rec1 Rac8 20. b3 R4c7 21. Ne2 Qh3 22. Qg2 Qg4 23. f3 Qd7 24. Rxc7 Rxc7 25. Rc1 Bd8 26. Qf1 Rxc1 27. Qxc1 Qh3 28. Kf2 Bb6+ 29. Ke1 Qh1+ 30. Kd2 Qxf3 31. Qc8+ Kh7 32. Qf5+ Qxf5 33. exf5 h5 34. Kd3 Ba5 35. Ke4 Be1 36. Kf3 g6 37. Ke4 Kg7 38. a3 Kf6 39. fxg6 Kxg6 40. Kf3 f5 41. Nc1 Bd2 42. Ne2 Kf6 43. Ng1 e4+ 44. Ke2 Bh6 45. Nh3 Ke5 0-1


[Site "https://www.chess.com"]

[Event "Titled Tuesday Blitz May 17 Early 2022"]
[White "Jumabayev, Rinat"]
[Black "Liyanage, Ranindu Dilshan"]
[WhiteFideId "13702661"]
[BlackFideId "9915834"]
[WhiteElo "2561"]
[BlackElo "1858"]
[Result "1-0"]
[Round "07"]
[TimeControl "180+1"]
[Date "2022.05.17"]
[WhiteClock "0:01:44"]
[BlackClock "0:01:01"]

1. d4 Nf6 2. Bf4 d5 3. Nd2 g6 4. Ngf3 Bg7 5. e3 O-O 6. c3 c5 7. h3 b6 8. a4 Bb7 9. a5 c4 10. b3 cxb3 11. Qxb3 Nbd7 12. Bd3 Qc8 13. O-O Ba6 14. c4 bxa5 15. Rxa5 dxc4 16. Nxc4 Nb6 17. Rc5 Bxc4 18. Bxc4 Qb7 19. Rc7 Qe4 20. Ng5 Qf5 21. Bxf7+ Kh8 22. Be6 Qa5 23. Be5 Nbd5 24. Rc5 1-0


[Site "https://www.chess.com"]

[Event "Titled Tuesday Blitz May 17 Early 2022"]
[White "Khabinets, Ivan"]
[Black "Maghsoodloo, Parham"]
[WhiteFideId "14115980"]
[BlackFideId "12539929"]
[WhiteElo "2114"]
[BlackElo "2630"]
[Result "0-1"]
[Round "07"]
[TimeControl "180+1"]
[Date "2022.05.17"]
[WhiteClock "0:00:22"]
[BlackClock "0:00:39"]

1. e4 c5 2. Nf3 d6 3. d4 cxd4 4. Nxd4 Nf6 5. Nc3 Nc6 6. Bg5 e6 7. Qd2 a6 8. f4 Bd7 9. Nb3 h6 10. Bh4 b5 11. Qe3 Be7 12. O-O-O g5 13. fxg5 Ng4 14. Qd2 hxg5 15. Bg3 Nge5 16. Be2 Rb8 17. Rdf1 b4 18. Nd1 a5 19. Ne3 Qb6 20. Bf2 a4 21. Na1 Qd4 22. Nc4 Qxd2+ 23. Kxd2 Nxc4+ 24. Bxc4 Ne5 25. Bd3 Bf6 26. Ba7 Rb7 27. Be3 Ke7 28. h3 Bb5 29. Rf2 g4 30. Rhf1 Bh4 31. Rf4 gxh3 32. Rxh4 Rxh4 33. Bg5+ Ke8 34. Bxh4 hxg2 35. Rd1 Nf3+ 36. Ke3 Nxh4 37. Rg1 Bxd3 38. cxd3 Rc7 39. Kd2 Nf3+ 0-1


[Site "https://www.chess.com"]

[Event "Titled Tuesday Blitz May 17 Early 2022"]
[White "Klekowski, Maciej"]
[Black "Kobo, Ori"]
[WhiteFideId "1132717"]
[BlackFideId "2812320"]
[WhiteElo "2476"]
[BlackElo "2420"]
[Result "1-0"]
[Round "07"]
[TimeControl "180+1"]
[Date "2022.05.17"]
[WhiteClock "0:01:33"]
[BlackClock "0:00:06"]

1. c4 e5 2. Nc3 Nf6 3. g3 d5 4. cxd5 Nxd5 5. Bg2 Nxc3 6. bxc3 Bc5 7. Nf3 Nc6 8. O-O O-O 9. d3 Re8 10. Nd2 Be6 11. Qc2 Qd7 12. Rb1 Bb6 13. Nc4 Bh3 14. a4 Bxg2 15. Kxg2 Rab8 16. e4 h5 17. h4 Re6 18. Rb5 a6 19. Rd5 Qe8 20. f4 exf4 21. Bxf4 f6 22. Nxb6 cxb6 23. Bxb8 Qxb8 24. Rxh5 Qe8 25. Rhf5 Rd6 26. d4 Ne7 27. R5f3 Ng6 28. h5 Nf8 29. e5 Re6 30. h6 Ng6 31. hxg7 Kxg7 32. Rxf6 Qc6+ 33. Kh2 1-0


[Site "https://www.chess.com"]